 Dungeon Crawl Stone Soup version 0.27-a0-1319-geec4fb4e21 (webtiles) character file.

Game seed: 16719678410000003547

144 Kold the Covered (level 5, -9/33 HPs)
             Began as a Gargoyle Fighter on June 21, 2021.
             Was an Initiate of Okawaru.
             Killed by divine providence
             ... invoked by an orc priest
              (13 damage)
             ... on level 4 of the Dungeon.
             The game lasted 00:05:55 (4705 turns).

Kold the Covered (Gargoyle Fighter)                 Turns: 4705, Time: 00:05:56

Health: -9/33      AC: 14    Str: 18 (20) XL:     5   Next: 26%
Magic:  5/5        EV:  7    Int:  7 (8)  God:    Okawaru [......]
Gold:   169        SH:  9    Dex:  8 (10) Spells: 4/4 levels left

rFire    . . .     SeeInvis .   g - +1 whip (pain)
rCold    . . .     Faith    .   c - +0 kite shield
rNeg     + . .     Spirit   .   b - +0 scale mail
rPois    ∞         Reflect  .   j - +1 helmet
rElec    +         Harm     .   k - +0 cloak
rCorr    .         Rampage  .   (no gloves)
Will     .....                  (no boots)
Stlth    ..........             (no amulet)
HPRegen  0.11/turn              (no ring)
MPRegen  0.09/turn              (no ring)

@: mighty
A: sickness immunity, AC +4, negative energy resistance 1, electricity
resistance, torment resistance 1, petrification resistance
a: Renounce Religion


You were on level 4 of the Dungeon.
You worshipped Okawaru.
Okawaru was noncommittal.
You visited 2 branches of the dungeon, and saw 5 of its levels.

You collected 169 gold pieces.

Inventory:

Hand Weapons
 a - a +0 flail
 g - a +1 whip of pain (weapon)
Armour
 b - a +0 scale mail (worn)
 c - a +0 kite shield (worn)
 j - a +1 helmet (worn)
 k - a +0 cloak (worn)
Scrolls
 f - 2 scrolls of identify
Potions
 d - a potion of might
 i - 3 potions of brilliance


   Skills:
 - Level 4.0 Fighting
 + Level 3.6 Maces & Flails
 - Level 4.0 Armour
 - Level 4.0 Shields
 + Level 1.1 Invocations


You had 4 spell levels left.
You didn't know any spells.
Your spell library contained the following spells:

 Spells                   Type           Power      Damage    Failure   Level
 Foxfire                  Conj/Fire      0%         2x1d4     99%         1
 Magic Dart               Conj           0%         1d3       99%         1
 Searing Ray              Conj           0%         3d3       100%        2
 Conjure Flame            Conj/Fire      0%         6-21      100%        3
 Dazzling Flash           Conj/Hex       0%         N/A       100%        3
 Inner Flame              Hex/Fire       0%         N/A       100%        3
 Fulminant Prism          Conj/Hex       0%         3d6       100%        4
 Iskenderun's Mystic Bla  Conj/Tloc      0%         2d3       100%        4
 Sticky Flame             Conj/Fire      0%         2d3       100%        4
 Fireball                 Conj/Fire      0%         3d3       100%        5


Dungeon Overview and Level Annotations

Branches:
Dungeon (4/15)             Temple (1/1) D:4

Altars:
Elyvilon
Gozag
Kikubaaqudgha
Okawaru
Trog
Uskayaw
Wu Jian
Xom
Zin
The Shining One

Shops:
D:4 (


Innate Abilities, Weirdness & Mutations

You are immune to sickness and miasma.
Your stone body is resilient. (AC +4)
You are immune to poison.
You resist negative energy. (rN+)
You are resistant to electric shocks. (rElec)
You are resistant to unholy torment.
You are immune to petrification.


Message History

You feel better.
The orc priest hits you but does no damage.
You block the orc's attack. The orc hits you but does no damage.
You hit the orc priest but do no damage.
The orc priest barely misses you. The orc hits you but does no damage.
The orc completely misses you.
The orc priest invokes the aid of Beogh against you.
Pain shoots through your body!
You hit the orc priest but do no damage.
The orc hits you but does no damage. You block the orc's attack.
The orc priest invokes the aid of Beogh against you.
Beogh smites you!
* * * LOW HITPOINT WARNING * * *
You feel better. You block the orc's attack. x2
The orc priest barely misses you.
You feel very mighty all of a sudden. The orc completely misses you.
The orc closely misses you. You block the orc priest's attack.
You closely miss the orc priest. You block the orc's attack. x2
The orc priest hits you but does no damage.
You barely miss the orc priest. You block the orc's attack. x2
The orc priest closely misses you.
You whack the orc priest!
The orc priest is almost dead.
You block the orc's attack. The orc hits you but does no damage.
The orc priest hits you but does no damage.
You closely miss the orc priest.
The orc priest is almost dead.
You block the orc's attack. The orc hits you with a +0 dagger.
The orc priest calls down the wrath of Beogh upon you.
Beogh smites you!
* * * LOW HITPOINT WARNING * * *
The orc hits you but does no damage. The orc barely misses you.
You barely miss the orc priest.
The orc priest is almost dead.
You block the orc priest's attack. The orc hits you but does no damage.
The orc barely misses you.
The orc priest calls down the wrath of Beogh upon you.
Beogh smites you!
You die...

.........#......# #....#
.........'......#..#....#
.........#......#..+....#
....†....#......#..#....#
.........#......#..#....#
..>.†....#......#.o#....#
.........#......#..# ...#
.........#......##'#....#
...........÷....@o......#
...........#.#..oo......#
..........#.#.#.........#
.........#.#.#.#....####..
..........#.>.#.....# .
.........#.#.#.#....#
..........#.#.#.....+
...........#.#......#
....................#


You could see an orc priest and 2 orcs.

Vanquished Creatures
  An iguana (D:4)
  4 adders
  A worm (D:4)
  3 orcs
  11 endoplasms
  2 giant cockroaches
  6 goblins
  3 hobgoblins
  9 jackals
  6 kobolds
  4 quokkas
  7 ball pythons
  6 bats
  A jackal skeleton (D:4)
  7 rats
71 creatures vanquished.

Notes
Turn   | Place    | Note
-------+----------+-------------------------------------------
     0 | D:1      | Kold the Gargoyle Fighter began the quest for the Orb.
     0 | D:1      | Reached XP level 1. HP: 14/14 MP: 1/1
   265 | D:1      | Reached XP level 2. HP: 19/19 MP: 2/2
  1444 | D:2      | Reached XP level 3. HP: 23/23 MP: 3/3
  2045 | D:2      | Reached XP level 4. HP: 22/29 MP: 4/4
  4348 | D:4      | Found Utoan's Antique Weapon Emporium.
  4396 | D:4      | Found a staircase to the Ecumenical Temple.
  4407 | Temple   | Entered the Ecumenical Temple
  4464 | Temple   | Became a worshipper of Warmaster Okawaru
  4490 | D:4      | Reached XP level 5. HP: 31/33 MP: 5/5
  4519 | D:4      | Reached skill level 1 in Invocations
  4705 | D:4      | Killed from afar by an orc priest

Illustrated notes

Levels and vault maps discovered:
D:1:      amcnicky_arrival_wind_blow, layout_basic, minmay_misc_feat_encased
D:2:      layout_basic, serial_corexii_hall, corexii_hall_statues_l,
          chequers_hall_statues_corner_a, corexii_hall_statues_deadend,
          chequers_hall_statues_wall_a
D:3:      layout_loops_corners
D:4:      layout_gridville, minmay_temple_entry_grid, serial_shops,
          nicolae_shop_stone, serial_bayou_pond_e, st_stairs_2
Temple:   regret_index_temple_chain_breaker

Skill      XL: |  1  2  3  4  5 |
---------------+----------------+-----
Armour         | 4 |  4.0
Fighting       | 4 |  4.0
Shields        | 4 |  4.0
Maces & Flails | 3 |  3.6
Invocations    | 1 |  1.1

Action                   |  1- 3 |  4- 6 || total
-------------------------+-------+-------++-------
Melee: Flail             |    81 |       ||    81
       Whip              |    42 |   180 ||   222
  Use: Potion            |       |     8 ||     8
       Scroll            |       |     1 ||     1
Armor: Scale mail        |    85 |   132 ||   217
Dodge: Dodged            |    49 |    69 ||   118
Block: Kite shield       |    68 |   122 ||   190

Table legend: (Time is in decaauts)
 A = Elapsed time spent in this place.
 B = Non-inter-level travel time spent in this place.
 C = Inter-level travel time spent in this place.
 D = Time resting spent in this place.
 E = Time spent auto-exploring this place.
 F = Levels seen in this place.
 G = Mean time per level.
                   A        B        C        D        E       F      G
               +--------+--------+--------+--------+--------+-----+--------+
         Total |   4786 |   4510 |    276 |   1021 |   2812 |   5 |  957.2 |
       Dungeon |   4718 |   4464 |    254 |   1021 |   2778 |   4 | 1179.5 |
        Temple |     67 |     46 |     21 |      0 |     34 |   1 |   67.0 |
               +--------+--------+--------+--------+--------+-----+--------+

Top non-repeatable levels by time:
     D:2: 1494 daAuts
     D:1: 1463 daAuts
     D:3: 1187 daAuts
     D:4: 572 daAuts
  Temple: 67 daAuts
